Unix NetHack Version 5.0.0-0 post-release - last build Jun 10 2026 00:39:30 (3ee93aec679c4c4259841fe613dc97188e26a321,branch:main).

Game began 2026-07-05 07:41:23, ended 2026-07-06 00:19:04.

JohnDarcy, neutral male human Tourist

                        -----------       -----------
                        |....|....---     |.........|
                        |..``|``...>|     |.........|
                        |..`).....---     |.........|
                        |..@M|....|       |....[....|
                        |-d---------      |.........|
                        |....|.....|      |.........|
                        |....|.....|      |.........|
                        |..........|      |.........|
                        |....|.....----------------||
                        |....|.....^................|
                        -----------------------------

JohnDarcy the Excursionist  St:13 Dx:11 Co:16 In:13 Wi:9 Ch:15  Neutral
Dlvl:6  $:498 HP:0(71) Pw:22(22) AC:-6 Xp:7 T:5608  Burdened

Latest messages:
 The gold golem misses!
 The gold golem hits!
 You miss the gold golem.
 The gold golem hits!
 The gold golem misses!
 You hit the gold golem.
 You hit the gold golem.
 What do you want to throw? [$a or ?*] a
 In what direction? 9
 You throw 2 darts.
 The 1st dart hits the gold golem!
 The 2nd dart hits the gold golem.
 The gold golem misses!
 The gold golem misses!
 What do you want to throw? [$a or ?*] a
 In what direction? 9
 You throw 2 darts.
 The 1st dart hits the gold golem!
 You destroy the gold golem!
 You have a little trouble lifting $ - 175 gold pieces (498 in total).
 a - 3 +2 darts (at the ready) (16 in total).
 What do you want to throw? [$a or ?*] a
 In what direction? 6
 The dart hits the human mummy.
 The human mummy misses!
 The human mummy hits!
 What do you want to throw? [$a or ?*] a
 In what direction? 6
 You throw 2 darts.
 The 1st dart hits the human mummy!
 The 2nd dart misses the human mummy.
 The human mummy hits!
 The human mummy hits again!
 What do you want to throw? [$a or ?*] a
 In what direction? 6
 The dart hits the human mummy!
 The human mummy hits!
 The human mummy misses!
 The winter wolf cub bites!
 What do you want to throw? [$a or ?*] a
 In what direction? 6
 The dart hits the human mummy.
 The human mummy misses!
 The human mummy hits!
 You die...
 Do you want your possessions identified? [ynq] (y) y
 Do you want to see your attributes? [ynq] (y) y
 Do you want an account of creatures vanquished? [ynaq] (y) y
 Do you want to see your conduct and achievements? [ynq] (y) y
 Do you want to see the dungeon overview? [ynq] (y) y

Inventory:
 Coins    ('$')
  $ - 498 gold pieces
 Weapons  (')')
  a - 11 +2 darts (at the ready)
  w - a +1 orcish dagger (weapon in right hand)
 Armor    ('[')
  B - an uncursed +2 orcish helm (being worn)
  h - a blessed +1 elven shield
  Z - an uncursed +1 elven cloak
  x - an uncursed +0 elven cloak
  j - an uncursed +0 Hawaiian shirt with an orchid motif (being worn)
  O - a blessed +3 silver dragon scale mail (being worn)
 Comestibles  ('%')
  r - an uncursed candy bar labeled "Berry Bar"
  y - an uncursed cream pie
  k - 5 uncursed food rations
  g - 3 uncursed fortune cookies
  X - an uncursed pear
  d - 2 uncursed tripe rations
  m - 2 uncursed lichen corpses
 Scrolls  ('?')
  q - an uncursed scroll of blank paper
  I - 2 uncursed scrolls of earth
  A - an uncursed scroll of enchant weapon
  Y - a cursed scroll of enchant weapon
  z - an uncursed scroll of light
  i - 4 uncursed scrolls of magic mapping
 Potions  ('!')
  N - an uncursed potion of acid
  C - an uncursed potion of booze
  P - 2 blessed potions of enlightenment
  R - an uncursed potion of enlightenment
  T - an uncursed potion of extra healing
  v - 2 uncursed potions of full healing
  L - an uncursed potion of gain ability
  W - an uncursed potion of gain level
  E - 2 blessed potions of healing
  Q - 3 uncursed potions of healing
  t - 2 uncursed potions of levitation
  G - an uncursed potion of oil
  S - an uncursed potion of paralysis
  D - an uncursed diluted potion of sickness
  e - an uncursed potion of sleeping
  M - 8 uncursed potions of water
 Rings    ('=')
  H - an uncursed +1 ring of protection (on left hand)
  f - an uncursed ring of regeneration
  J - an uncursed ring of sustain ability
  n - an uncursed ring of teleport control
  V - an uncursed ring of warning
 Wands    ('/')
  K - a wand of digging (0:8)
  o - a wand of digging (0:4)
  F - a wand of digging (0:4)
  b - a wand of undead turning (0:6)
 Tools    ('(')
  l - an uncursed credit card
  c - an expensive camera (0:31)

JohnDarcy the Tourist's attributes:

Background:
 You were an Excursionist, a level 7 male human Tourist.
 You were neutral, on a mission for The Lady
 who was opposed by Blind Io (lawful) and Offler (chaotic).
 You were right-handed.
 You were in Sokoban, on level 6.
 You entered the dungeon 5608 turns ago.
 It was the midnight hour.
 You had 1055 experience points, 225 more were needed to attain level 8.

Basics:
 You had 0 out of 71 hit points.
 You had all 22 energy points (spell power).
 Your armor class was -6.
 Your wallet contained 498 zorkmids.
 Autopickup was off.

Final Characteristics:
 Your strength was 13 (limit:18/100).
 Your dexterity was 11 (limit:18).
 Your constitution was 16 (limit:18).
 Your intelligence was 13 (limit:18).
 Your wisdom was 9 (limit:18).
 Your charisma was 15 (limit:18).

Final Status:
 You weren't hungry.
 You were burdened; movement was slightly slowed.
 You were wielding a dagger.
 You had basic skill with dagger.

Final Attributes:
 You were piously aligned.
 You were cold resistant.
 You were telepathic.
 You had a small defense bonus (+1).
 You were warded.
 You were fast.
 You had reflection.
 You are dead.

Miscellaneous:
 You didn't encounter any bones levels.
 Total elapsed playing time was 1 hour, 48 minutes and 27 seconds.

Major events:
 Turn
    1: JohnDarcy the neutral male human Tourist entered the dungeon
  929: attained the rank of Sightseer (level 3)
 3250: made his first wish - "blessed +3 silver dragon scale mail", got "a silver dragon scale mail"
 3649: attained the rank of Excursionist (level 6)
 3879: entered Sokoban
 4332: completed 1st Sokoban level
 4726: completed 2nd Sokoban level
 5315: completed 3rd Sokoban level
 5608: killed by a human mummy

You didn't know any spells.

Skills:
 Fighting Skills
   bare handed combat [Unskilled]
   two weapon combat  [Unskilled]
   riding             [Unskilled]
 Weapon Skills
   dagger             [Basic]
   knife              [Unskilled]
   axe                [Unskilled]
   pick-axe           [Unskilled]
   short sword        [Unskilled]
   broadsword         [Unskilled]
   long sword         [Unskilled]
   two-handed sword   [Unskilled]
   saber              [Unskilled]
   mace               [Unskilled]
   morning star       [Unskilled]
   flail              [Unskilled]
   hammer             [Unskilled]
   quarterstaff       [Unskilled]
   polearms           [Unskilled]
   spear              [Unskilled]
   trident            [Unskilled]
   lance              [Unskilled]
   bow                [Unskilled]
   sling              [Unskilled]
   crossbow           [Unskilled]
   dart               [Skilled]
   shuriken           [Unskilled]
   boomerang          [Unskilled]
   whip               [Unskilled]
   unicorn horn       [Unskilled]
 Spellcasting Skills
   divination spells  [Unskilled]
   enchantment spells [Unskilled]
   escape spells      [Unskilled]

Voluntary challenges:
 Character rerolling was not enabled.
 You never genocided any monsters.
 You never polymorphed an object.
 You never changed form.
 You used 1 wish.
 You did not wish for any artifacts.
 You did not violate any of the special Sokoban rules.
Achievements:
 You entered a shop.
 You attained the rank of Sightseer.
 You attained the rank of Excursionist.
 You entered Sokoban.

 The Dungeons of Doom: levels 1 to 8
    Level 1:
       An altar.
    Level 2:
       A potion shop, a fountain.
    Level 3:
    Level 4:
       A potion shop.
    Level 5:
       A grave.
    Level 6:
       A fountain.
    Level 7:
    Level 8:
       An altar, a fountain.
       Stairs up to Sokoban, level 7.
 Sokoban: levels 7 up to 4
    Level 4:
       Unsolved.
    Level 5:
       Solved.
    Level 6: <- You were here.
       Solved.
       Final resting place for
          you, killed by a human mummy.
    Level 7:
       Solved.


Vanquished creatures:
  a large dog
  a flaming sphere
  a tiger
  a leather golem
  2 Grey-elves
  2 quivering blobs
  4 winter wolf cubs
  3 leprechauns
  a dwarf mummy
  a gold golem
  a dingo
  a jaguar
 an ape
  a soldier ant
  4 fire ants
  a bugbear
 an orc shaman
  a fog cloud
  a yellow light
  a shrieker
  2 gnome leaders
  2 ghouls
  4 floating eyes
  a dwarf
  a homunculus
  a kobold shaman
  4 hill orcs
  5 rothes
  a rabid rat
  2 giant bats
  a dwarf zombie
  a werejackal
  3 iguanas
 an acid blob
  2 coyotes
  a hobbit
  a giant rat
  a brown mold
  4 garter snakes
  7 geckos
  7 jackals
  a fox
  2 kobolds
  3 goblins
  2 sewer rats
  5 grid bugs
  4 lichens
  a kobold zombie
  6 newts
106 creatures vanquished.

No species were genocided or became extinct.

Game over:
                       ----------
                      /          \
                     /    REST    \
                    /      IN      \
                   /     PEACE      \
                  /                  \
                  |    JohnDarcy     |
                  |      498 Au      |
                  |   killed by a    |
                  |   human mummy    |
                  |                  |
                  |                  |
                  |       2026       |
                 *|     *  *  *      | *
        _________)/\\_//(\/(/\)/\//\/|_)_______

Aloha JohnDarcy the Tourist...

You died in Sokoban on dungeon level 6 with 4690 points,
and 498 pieces of gold, after 5608 moves.
You were level 7 with a maximum of 71 hit points when you died.

